 Dungeon Crawl Stone Soup version 0.29-a0-284-gf9362112df (webtiles) character file.

Game seed: 8060304758004575645

2227 avis the Insei (level 8, 0/81 HPs)
             Began as a Demigod Transmuter on Apr 1, 2022.
             Slain by a wolf (1 damage)
             ... in a bailey.
             The game lasted 00:53:50 (9555 turns).

avis the Insei (Demigod Transmuter)                 Turns: 9555, Time: 00:53:51

Health: 0/81       AC:  7    Str: 15    XL:     8   Next: 91%
Magic:  13/17      EV: 10    Int: 15    God:
Gold:   268        SH:  0    Dex: 18    Spells: 5/15 levels left

rFire   . . .      SeeInvis .     - Unarmed
rCold   + + +      Faith    .   (shield currently unavailable)
rNeg    . . .      Spirit   .   (body armour currently unavailable)
rPois   +          Reflect  .   (helmet currently unavailable)
rElec   .          Harm     .   (cloak currently unavailable)
rCorr   .          Rampage  .   (gloves currently unavailable)
Will    .....                   (boots currently unavailable)
Stlth   ++........              (no amulet)
HPRegen 0.23/turn               p - ring of protection from fire
MPRegen 0.15/turn               (no ring)

@: ice-form
A: freezing attack, amphibious, boosted hp, large, high MP 1, forlorn, divine
attributes
a: End Transformation


You were in a bailey.
You were a creature of crystalline ice.
You visited 1 branch of the dungeon, and saw 7 of its levels.
You also visited: Sewer and Bailey.

You collected 268 gold pieces.

Inventory:

Hand Weapons
 a - the +7 Throatcutter (melded) {drain, coup de grace}
   (You took it off Terence on level 2 of the Dungeon)

   A truly terrible weapon, it drains the life of any living foe it strikes.
   It may instantly kill foes which have little health.
 b - a +0 falchion of freezing
 f - a +2 short sword of venom
 h - a +1 mace of draining
 q - a +3 quarterstaff of chaos
 s - a +4 dagger of venom
 F - a +0 dagger of venom
 J - a +2 dagger of pain
 P - a +1 dagger of venom
 R - a +0 shortbow
 U - a +1 flail of holy wrath
 V - a +0 hunting sling
 W - a +0 spear
Missiles
 e - 222 stones
 k - 2 silver boomerangs
 n - 6 boomerangs of dispersal
 w - 4 boomerangs
 H - 31 poisoned darts
 K - a curare-tipped dart
 X - 4 throwing nets
Armour
 c - a +0 leather armour
 g - a +0 chain mail
 i - a +2 cloak
 l - a +0 robe
 o - the +2 robe of the Barnacle (melded) {Int+4}
   (You found it on level 2 of the Dungeon)

   Int:       It affects your intelligence (+4).
 r - a +1 cloak of willpower (melded)
 y - an orb of light
 D - a +0 helmet (melded)
 Q - a +0 ring mail
Magical Staves
 G - a staff of poison
Jewellery
 p - a ring of protection from fire (left front paw)
Wands
 u - a wand of flame (3)
 N - a wand of iceblast (9)
Scrolls
 d - a scroll of identify {unknown}
 m - a scroll of vulnerability {unknown}
 t - a scroll of amnesia {unknown}
 v - 2 scrolls of brand weapon {unknown}
 x - 2 scrolls of enchant armour {unknown}
 B - 2 scrolls of immolation {unknown}
 C - 2 scrolls of teleportation {unknown}
 E - 2 scrolls of blinking {unknown}
 I - a scroll of fog {unknown}
 M - a scroll of noise {unknown}
 S - a scroll of fear {unknown}
Potions
 j - a potion of flight
 z - 3 potions of brilliance
 A - a potion of cancellation
 L - a potion of might {unknown}
 O - a potion of degeneration {unknown}
 T - 2 potions of curing


   Skills:
 - Level 5.0 Fighting
 * Level 2.2 Dodging
 - Level 2.0 Stealth
 - Level 7.0 Unarmed Combat
 - Level 4.0 Spellcasting
 - Level 2.0 Translocations
 - Level 4.0 Transmutations
 - Level 3.0 Ice Magic
 - Level 2.0 Poison Magic


You had 5 spell levels left.
You knew the following spells:

 Your Spells              Type           Power      Damage    Failure   Level
a - Beastly Appendage     Tmut           30%        N/A       3%          1
b - Blink                 Tloc           18%        N/A       12%         2
p - Spider Form           Tmut/Pois      12%        N/A       16%         3
q - Ice Form              Ice/Tmut       13%        N/A       38%         4

Your spell library contained the following spells:

 Spells                   Type           Power      Damage    Failure   Level
 Freeze                   Ice            48%        1d7       5%          1
 Wereblood                Tmut           15%        N/A       5%          2
 Passwall                 Tmut/Erth      7%         N/A       12%         2
 Ensorcelled Hibernation  Hex/Ice        14%        N/A       14%         2
 Frozen Ramparts          Ice            24%        1d4       16%         3
 Lesser Beckoning         Tloc           9%         N/A       24%         3
 Sublimation of Blood     Necr           3%         N/A       26%         2
 Swiftness                Air            3%         N/A       47%         3
 Hailstorm                Conj/Ice       7%         3d4       67%         4
 Manifold Assault         Tloc           9%         N/A       91%         5
 Summon Hydra             Summ           1%         N/A       100%        7


Dungeon Overview and Level Annotations

Branches:
Dungeon (7/15)              Sewer (visited)          Bailey (1/1)
 Temple: D:4-7

Shops:
D:1 :   D:2 !

Annotations:
D:4 2 transporters, dracfodder's ghost, novice GrBe


Innate Abilities, Weirdness & Mutations

You are a creature of crystalline ice.
You have a powerful freezing melee attack.
You are amphibious.
Your maximum health is increased.
Your armour is entirely melded.
You are incapable of wielding weapons or throwing items.
You have an increased reservoir of magic. (+10% MP)
You shall have no god before yourself.
Your divine heritage dramatically boosts your attributes as you level up.


Message History

You closely miss the wolf.
The wolf is heavily wounded.
The wolf bites you.
The gnoll sergeant completely misses you.
You hit the wolf.
The wolf is poisoned.
The wolf is heavily wounded.
The wolf completely misses you. The wolf bites you!
The gnoll sergeant completely misses you.
The wolf bites you. The wolf misses you.
The wolf stops to sniff the ground.
The wolf bites you.
Things that are here:
a +0 spear; a +0 scale mail The wolf bites you!
* * * LOW HITPOINT WARNING * * *
The wolf attacks as you move away! The wolf misses you.
Your transformation has ended.
The +7 Throatcutter {drain, coup de grace} unmelds from your body.
Your +1 cloak of willpower unmelds from your body.
Your +0 helmet unmelds from your body.
The +2 robe of the Barnacle {Int+4} unmelds from your body.
You sense an unholy aura.
You feel strong-willed. The wolf barely misses you. x2
The gnoll sergeant hits you from afar with a +0 halberd!
* * * LOW HITPOINT WARNING * * *
Casting: Spider Form (dangerous; 12% risk of failure)
Confirm with . or Enter, or press ? or * to list all spells.
The spell is quite dangerous to miscast (32% risk of failure)!
Continue anyway?
You turn into a creature of crystalline ice.
The +7 Throatcutter {drain, coup de grace} melds into your body.
Your +1 cloak of willpower melds into your body.
Your +0 helmet melds into your body.
The +2 robe of the Barnacle {Int+4} melds into your body.
You feel less strong-willed. The wolf bites you.
* * * LOW HITPOINT WARNING * * *
The wolf completely misses you.
The gnoll sergeant hits you from afar with a +0 halberd!
* * * LOW HITPOINT WARNING * * *
The wolf attacks as you move away! The wolf bites you.
You die...

g.#≈♣ ..#≈♣ ##+#
...#≈♣ ...# ...#≈♣
...## #gg.#≈♣
....## ##gg..#≈♣
8....##+##g...8#≈♣
....)#...#g.g..#≈♣
#...))...'gg..##Y♣
##...#.).#...##h≈♣
.#####.).#####gh≈♣
.......gg.g.g)..≈♣
...........g.g.≈≈♣
≈≈≈≈≈≈≈≈≈≈≈≈≈≈≈≈♣♣
♣♣♣♣♣♣♣♣♣♣♣♣♣♣♣♣♣


You could see 3 gnoll sergeants, 2 wolves and a gnoll shaman.

Vanquished Creatures
  Grinder (D:6)
  Duvessa (D:6)
  A water moccasin (D:6)
  An orc warrior (D:6)
  An ice beast (D:5)
  A black bear (D:6)
  A centaur (D:6)
  A phantom (D:5)
  4 kobold brigands
  A bullfrog (D:5)
  A gnoll sergeant (Bailey)
  A scorpion (D:6)
  Dowan (D:6)
  6 hounds
  A jelly (D:5)
  A gnoll shaman (Bailey)
  2 orc priests (D:6)
  Crazy Yiuf (D:2)
  3 orc wizards
  Jessica (D:2)
  An iguana (D:5)
  Ijyb (D:3)
  Terence (D:2)
  Robin (D:4)
  9 gnolls
  11 adders
  3 river rats (Sewer)
  2 ufetubi
  4 worms
  A dart slug (D:5)
  24 orcs
  4 bats
  6 endoplasms
  4 giant cockroaches
  8 hobgoblins
  7 jackals
  22 kobolds
  2 quokkas
  11 ball pythons
  4 frilled lizards
  16 goblins
  10 rats
183 creatures vanquished.

Vanquished Creatures (others)
  9 plants (Sewer)
9 creatures vanquished.

Grand Total: 192 creatures vanquished

Notes
Turn   | Place    | Note
-------+----------+-------------------------------------------
     0 | D:1      | avis the Demigod Transmuter began the quest for the Orb.
     0 | D:1      | Reached XP level 1. HP: 15/15 MP: 5/5
    67 | D:1      | Reached skill level 3 in Unarmed Combat
   132 | D:1      | Reached skill level 1 in Fighting
   229 | D:1      | Reached skill level 1 in Stealth
   314 | D:1      | Reached XP level 2. HP: 23/23 MP: 5/7
   547 | D:1      | Found Hawac's Book Shop.
   651 | D:1      | Reached XP level 3. HP: 19/29 MP: 6/8
  1247 | D:2      | Reached XP level 4. HP: 35/36 MP: 7/9
  1256 | D:2      | Reached skill level 4 in Unarmed Combat
  1313 | D:2      | Noticed Terence
  1320 | D:2      | Learned a level 3 spell: Spider Form
  1432 | D:2      | Killed Terence
  1751 | D:2      | Noticed Jessica
  1765 | D:2      | Killed Jessica
  1913 | D:2      | Found Ledwi's Distillery.
  1927 | D:2      | Identified the +2 robe of the Barnacle {Int+4}
  2087 | D:2      | Found a runed translucent door.
  2088 | D:2      | Noticed Crazy Yiuf
  2101 | D:2      | Killed Crazy Yiuf
  2102 | D:2      | Reached XP level 5. HP: 13/41 MP: 7/10
  2380 | D:2      | Learned a level 2 spell: Blink
  2524 | D:3      | Noticed Ijyb
  2559 | D:3      | Killed Ijyb
  2560 | D:3      | Reached skill level 5 in Unarmed Combat
  3255 | D:4      | Noticed Robin
  3478 | D:4      | Killed Robin
  3832 | D:4      | Noticed dracfodder's ghost (novice GrBe)
  3833 | D:4      | Found a transporter.
  3833 | D:4      | Noticed an ogre
  3835 | D:4      | Noticed an ogre
  3840 | D:4      | Found a transporter.
  4049 | D:4      | Reached skill level 1 in Translocations
  4049 | D:4      | Reached XP level 6. HP: 48/51 MP: 11/11
  4607 | D:5      | Entered Level 5 of the Dungeon
  4663 | D:5      | Reached skill level 1 in Poison Magic
  4739 | D:5      | Found a glowing drain.
  4750 | Sewer    | Entered a sewer
  4949 | Sewer    | Reached XP level 7. HP: 52/57 MP: 14/14
  5198 | Sewer    | Learned a level 4 spell: Ice Form
  6192 | D:5      | Reached skill level 6 in Unarmed Combat
  6581 | D:5      | Reached skill level 1 in Ice Magic
  6834 | D:6      | Reached skill level 7 in Unarmed Combat
  6834 | D:6      | Reached XP level 8. HP: 21/63 MP: 15/15
  7322 | D:6      | Noticed Grinder
  7637 | D:6      | Paralysed by Grinder for 2 turns
  7645 | D:6      | Killed Grinder
  7856 | D:6      | Noticed Duvessa
  7863 | D:6      | HP: 3/99 [poisoned by an orc]
  7864 | D:6      | Noticed Dowan
  7882 | D:6      | HP: 2/66 [hound (5)]
  8590 | D:6      | Killed Duvessa
  8592 | D:6      | Killed Dowan
  8730 | D:6      | Reached skill level 5 in Fighting
  9140 | D:7      | Found a flagged portal.
  9178 | Bailey   | Entered a bailey
  9553 | Bailey   | HP: 1/81 [gnoll sergeant/+0 halberd (9)]
  9555 | Bailey   | Slain by a wolf

Illustrated notes

Levels and vault maps discovered:
D:1:      lemuel_arrival_room, layout_basic,
          shapermc_ecumenical_altar_acropolis, serial_shops,
          nicolae_shop_temple_entry_statues_fountains, serial_bayou_pond_e
D:2:      layout_rooms, basic_altar, serial_shops, nicolae_shop_crystal,
          uniq_terence, uniq_crazy_yiuf_cottage, uniq_jessica
D:3:      layout_loops_ring, corexii_leaking_fountain, hangedman_decor_points,
          uniq_ijyb
D:4:      layout_layer_cave, gammafunk_ghost_smash, uniq_robin
D:5:      layout_cave_pods, cheibrodos_sewer_entry_drain
D:6:      layout_basic, uniq_grinder, uniq_duvessa
D:7:      layout_basic, lemuel_coloured_pillars_altar, minmay_temple_entry_mist,
          enter_bailey_5, nicolae_specific_store, grunt_ministairs_12,
          kennysheep_crisscross, corexii_corridor_pit, uniq_maggie
Bailey:   bailey_polearm_gnolls_kennysheep, bailey

Skill      XL: |  1  2  3  4  5  6  7  8 |
---------------+-------------------------+-----
Unarmed Combat | 3 4 5 7 |  7.0
Fighting       | 1 2 3 5 |  5.0
Stealth        | 1 2 |  2.0
Transmutations | 2 4 |  4.0
Spellcasting   | 2 3 4 |  4.0
Translocations | 1 2 |  2.0
Poison Magic   | 2 |  2.0
Dodging        | 2 |  2.2
Ice Magic      | 2 3 |  3.0

Action                   |  1- 3 |  4- 6 |  7- 9 || total
-------------------------+-------+-------+-------++-------
Melee: Unarmed           |    70 |    14 |   113 ||   197
       Kick              |    14 |     1 |       ||    15
       Headbutt          |     9 |       |       ||     9
       Long sword        |       |   162 |    99 ||   261
       Punch             |       |     5 |     4 ||     9
 Cast: Beastly Appendage |    19 |     1 |       ||    20
       Spider Form       |       |     2 |    13 ||    15
       Ice Form          |       |       |     8 ||     8
 Abil: End Transformatio |       |       |     1 ||     1
  Use: Potion            |     1 |       |     7 ||     8
 Stab: Sleeping          |     2 |     5 |     4 ||    11
Armor: Robe              |     6 |    57 |    49 ||   112
       Leather armour    |    21 |     7 |       ||    28
       Skin              |     5 |       |    23 ||    28
Dodge: Dodged            |    28 |   145 |   264 ||   437

Table legend: (Time is in decaauts)
 A = Elapsed time spent in this place.
 B = Non-inter-level travel time spent in this place.
 C = Inter-level travel time spent in this place.
 D = Time resting spent in this place.
 E = Time spent auto-exploring this place.
 F = Levels seen in this place.
 G = Mean time per level.
                   A        B        C        D        E       F      G
               +--------+--------+--------+--------+--------+-----+--------+
         Total |   9831 |   9425 |    406 |   3584 |   3131 |   9 | 1092.3 |
       Dungeon |   8312 |   7906 |    406 |   3124 |   2950 |   7 | 1187.4 |
         Sewer |   1146 |   1146 |      0 |    263 |    181 |   1 | 1146.0 |
        Bailey |    372 |    372 |      0 |    197 |      0 |   1 |  372.0 |
               +--------+--------+--------+--------+--------+-----+--------+

Top non-repeatable levels by time:
     D:5: 2025 daAuts
     D:6: 1544 daAuts
     D:2: 1373 daAuts
     D:4: 1162 daAuts
     D:1: 1148 daAuts
   Sewer: 1146 daAuts
     D:3: 1017 daAuts
  Bailey: 372 daAuts
     D:7: 41 daAuts
